 Dungeon Crawl Stone Soup version 0.26.0-10-g1f06aea511 (webtiles) character file.

Game seed: 9371257735034062726

74 theswoord the Chopper (level 4, 32/35 HPs)
             Began as a Demonspawn Monk on Jan 13, 2021.
             Got out of the dungeon alive.
             The game lasted 00:01:07 (2301 turns).

theswoord the Chopper (Demonspawn Monk)             Turns: 2301, Time: 00:01:07

Health: 32/35      AC:  2    Str: 12    XL:     4   Next: 9%
Magic:  4/4        EV: 13    Int: 11    God:
Gold:   85         SH:  0    Dex: 16    Spells: 3/3 levels left

rFire    . . .     SeeInvis .   a - +0 hand axe
rCold    . . .     Faith    .   (no shield)
rNeg     . . .     Spirit   .   b - +0 robe
rPois    .         Reflect  .   (helmet restricted)
rElec    .         Harm     .   (no cloak)
rCorr    .         Rampage  .   (no gloves)
Will     .....                  (no boots)
Stlth    ++........             (no amulet)
HPRegen  0.11/turn              (no ring)
MPRegen  0.09/turn              (no ring)

@: no status effects
A: antennae 1, miasma immunity
a: no special abilities


You escaped.
You visited 1 branch of the dungeon, and saw 1 of its levels.

You collected 85 gold pieces.

Inventory:

Hand Weapons
 a - a +0 hand axe (weapon)
Armour
 b - a +0 robe (worn)
Scrolls
 c - a scroll of blinking {unknown}
 d - 3 scrolls of remove curse {unknown}
 e - a scroll of enchant armour {unknown}
 f - a scroll of fear {unknown}
 g - a scroll of teleportation {unknown}


   Skills:
 - Level 3.0 Fighting
 + Level 4.5 Axes
 - Level 2.6 Dodging
 - Level 1.7 Stealth


You had 3 spell levels left.
You didn't know any spells.
Your spell library was empty.

Dungeon Overview and Level Annotations

Branches:
Dungeon (1/15)

Altars:


Innate Abilities, Weirdness & Mutations

You have a pair of small antennae on your head.
You are immune to miasma.


Message History

A kobold comes into view.
A kobold is nearby!
A kobold is nearby!
The helpless kobold fails to defend itself.
You hit the kobold.
The kobold is moderately wounded.
The kobold hits you. x2
You slash the kobold!
You kill the kobold!
No target in view!
No target in view!
No target in view!
No target in view!
No target in view!
No target in view!
No target in view!
You see here a scale mail.
There is a staircase leading out of the dungeon here.
Are you sure you want to leave the Dungeon?
This will make you lose the game!
You have escaped!

### ### ####.# #.#
.....###########.########
........................#
####.#################.##
...#.#.....####.@.## #.#
##.#.#†.....##.....###.#
##.#.#..# #.#8≈8#.##.#
.#.#.#..# #.#≈≈≈#.##.#
.#.#.#..# #.#8≈8#.##.#
.#.#.#..# #.#≈≈≈#[##.#
.#.#.#..#####.#8≈8#.##.#
##.#.#......##.....###.#
#.#.#.#########.### #.#


There were no monsters in sight!

Vanquished Creatures
  2 gnolls (D:1)
  2 dart slugs (D:1)
  A leopard gecko (D:1)
  2 ball pythons (D:1)
  4 giant cockroaches (D:1)
  9 goblins (D:1)
  4 hobgoblins (D:1)
  5 jackals (D:1)
  6 kobolds (D:1)
  2 bats (D:1)
  4 frilled lizards (D:1)
  2 rats (D:1)
43 creatures vanquished.

Notes
Turn   | Place    | Note
-------+----------+-------------------------------------------
     0 | D:1      | theswoord the Demonspawn Monk began the quest for the Orb.
     0 | D:1      | Reached XP level 1. HP: 18/18 MP: 1/1
   110 | D:1      | Reached skill level 3 in Axes
   255 | D:1      | Gained mutation: You are immune to miasma. [demonic
                  | ancestry]
   255 | D:1      | Reached XP level 2. HP: 23/24 MP: 2/2
   457 | D:1      | Reached XP level 3. HP: 20/29 MP: 3/3
   680 | D:1      | Reached skill level 4 in Axes
  1861 | D:1      | Gained mutation: You have a pair of small antennae on your
                  | head. [demonic ancestry]
  1861 | D:1      | Reached XP level 4. HP: 35/35 MP: 4/4
  2301 | D:$      | Got out of the dungeon alive.

Skill      XL: |  1  2  3 |
---------------+----------+-----
Axes           | 3 4 |  4.5
Fighting       | |  3.0
Dodging        | |  2.6
Stealth        | |  1.7

Action                   |  1- 3 |  4- 6 || total
-------------------------+-------+-------++-------
Melee: Hand axe          |   105 |    15 ||   120
  Use: Potion            |     1 |       ||     1
 Stab: Sleeping          |     7 |     2 ||     9
       Invisible         |    12 |       ||    12
Armor: Robe              |     8 |     5 ||    13
Dodge: Dodged            |    59 |    15 ||    74

Levels and vault maps discovered:
D:1:      lightli_arrival_statue_moat, layout_basic, serial_aquarium,
          aquarium_bridge_square [aquarium_subvault_window,
          aquarium_subvault_bridge, aquarium_subvault_bridge,
          aquarium_subvault_wall], aquarium_bridge_square
          [aquarium_subvault_wall, aquarium_subvault_window,
          aquarium_subvault_bridge, aquarium_subvault_wall], aquarium_window_1,
          aquarium_window_1, aquarium_view_2e, aquarium_view_2c,
          aquarium_balcony_double_4, minmay_unequal
